 Dungeon Crawl Stone Soup version 0.17.1-2-g5865329 (webtiles) character file.

45 Flanowski the Poker (level 3, -6/28 HPs)
             Began as a Merfolk Gladiator on Jan 13, 2016.
             Mangled by a gnoll
             ... wielding a +0 flail
              (7 damage)
             ... on level 2 of the Dungeon.
             The game lasted 00:01:52 (984 turns).

Flanowski the Poker (Merfolk Gladiator)              Turns: 984, Time: 00:01:52

Health: -6/28      AC: 11    Str: 16    XL:     3   Next: 64%
Magic:  3/3        EV:  6    Int:  7    God:
Gold:   55         SH:  0    Dex: 14    Spells: 0 memorised, 2 levels left

rFire  + . .     SeeInvis .     a - +0 trident
rCold  . . .     Clarity  .     l - +0 plate armour
rNeg   . . .     SustAt   .     (no shield)
rPois  .         Gourm    .     c - +0 helmet
rElec  .         Spirit   .     (no cloak)
rCorr  .         Warding  .     (no gloves)
rMut   .         Stasis   .     (no boots)
MR     .....                    (no amulet)
Stlth  ..........               (no ring)
                                p - ring of protection from fire

@: lethally poisoned (-6 -> -15), not resistant to hostile enchantments,
extremely unstealthy
A: change form in water, swift swim
a: no special abilities


You were on level 2 of the Dungeon.
You were not hungry.

You visited 1 branch of the dungeon, and saw 2 of its levels.

You collected 55 gold pieces.

Inventory:

Hand Weapons
 a - a +0 trident (weapon)
Missiles
 d - 3 throwing nets (quivered)
Armour
 b - a +0 leather armour
 c - a +0 helmet (worn)
 l - a +0 plate armour (worn)
Jewellery
 p - a ring of protection from fire (left hand)
Scrolls
 f - 3 scrolls of identify {unknown}
 g - 2 scrolls of amnesia {unknown}
 j - a scroll of random uselessness {unknown}
 m - 2 scrolls of fear {unknown}
 o - a scroll of enchant armour {unknown}
 r - a scroll of fog {unknown}
 s - 2 scrolls of recharging {unknown}
Potions
 k - 3 potions of heal wounds {unknown}
 q - a potion of cancellation {unknown}
 t - a potion of curing {unknown}
 u - a potion of lignification {unknown}
 v - a potion of haste {unknown}
Books
 w - a Grand Grimoire

   Spells                             Type                      Level
   a - Monstrous Menagerie            Summoning                    6
   b - Summon Greater Demon           Summoning                    7
   c - Malign Gateway                 Summoning/Translocation      7
   d - Summon Horrible Things         Summoning                    8
Comestibles
 e - a bread ration
 h - a fruit
 n - a meat ration


   Skills:
 + Level 2.4 Fighting
 + Level 5.7 Polearms
 - Level 2.0 Throwing
 + Level 0.1 Armour
 + Level 4.7 Dodging


You had 2 spell levels left.
You didn't know any spells.

Dungeon Overview and Level Annotations

Branches:
Dungeon (2/15)

Altars:


Message History

The gnoll hits you but does no damage.
There is a stone staircase leading up, spattered with blood here.
Your plate armour prevents you from hitting the gnoll.
The gnoll barely misses you. The gnoll hits you.
You closely miss the gnoll. The gnoll hits you but does no damage.
The gnoll hits you with a flail! The gnoll barely misses you.
You hit the gnoll.
The gnoll is heavily wounded.
The gnoll hits you with a spear.
* * * LOW HITPOINT WARNING * * *
The gnoll hits you with a flail.
* * * LOW HITPOINT WARNING * * *
The gnoll barely misses you.
Drink which item? (? for menu, Esc to quit)
It was a potion of poison.
That liquid tasted very nasty...
You are lethally poisoned!
* * * LOW HITPOINT WARNING * * *
You feel sick. The gnoll barely misses you. The gnoll hits you with a flail!
You die...

#.#.##### #.#.....######
#............#
#......./..# #
#..........# ##
#..........#########[
#.........(#.........
#....g.....#.#.......
#...@g.....[.#.>.....
#....g......##.......
#....................
####.......)............
##.###..........#........
#...#....#####.###.......
#..........###.###.......
#............#..##.......
##.#.........##..##......


You could see 3 gnolls.

Vanquished Creatures
  A gnoll (D:1)
  A worm (D:2)
  A giant gecko (D:2)
  A giant cockroach (D:1)
  7 hobgoblins
  3 jackals (D:2)
  3 kobolds
  A ball python (D:1)
  6 bats
  A giant newt (D:1)
  3 goblins
  3 rats (D:1)
31 creatures vanquished.

Notes
Turn   | Place    | Note
--------------------------------------------------------------
     0 | D:1      | Flanowski the Merfolk Gladiator began the quest for the Orb.
     0 | D:1      | Reached XP level 1. HP: 16/16 MP: 1/1
   145 | D:1      | Reached XP level 2. HP: 20/22 MP: 2/2
   246 | D:1      | Reached skill level 5 in Polearms
   473 | D:2      | Reached XP level 3. HP: 18/28 MP: 3/3
   984 | D:2      | HP: 1/28 [poison (a potion of poison)]
   984 | D:2      | Mangled by a gnoll

Action                   || total
-------------------------++-------
Melee: Trident           ||   101
  Use: Potion            ||     1
 Stab: Sleeping          ||     2
